 Dungeon Crawl Stone Soup version 0.29-a0-575-g0dc89cf053 (webtiles) character file.

Game seed: 10630161010488717267

1813 spaghetti the Charlatan (level 9, -12/66 HPs)
             Began as a Gnoll Artificer on June 12, 2022.
             Was a Believer of Jiyva.
             Mangled by a two-headed ogre
             ... wielding a +0 giant club
              (20 damage)
             ... on level 7 of the Dungeon.
             The game lasted 00:09:23 (8226 turns).

spaghetti the Charlatan (Gnoll Artificer)           Turns: 8226, Time: 00:09:23

Health: -12/66     AC: 10    Str: 12    XL:     9   Next: 10%
Magic:  14/14      EV: 17    Int: 15    God:    Jiyva [**....]
Gold:   1079       SH:  0    Dex: 12    Spells: 11/15 levels left

rFire   . . .      SeeInvis .   c - +3 quarterstaff (chaos) {staff}
rCold   . . .      Faith    .   (shield currently unavailable)
rNeg    . . .      Spirit   .   b - +0 leather armour
rPois   .          Reflect  .   (no helmet)
rElec   .          Harm     .   h - +0 cloak
rCorr   +          Rampage  .   q - +0 pair of gloves
Will    .....                   (no boots)
Stlth   ++........              (no amulet)
HPRegen 1.17/turn               y - +4 ring of protection
MPRegen 0.44/turn               i - +4 ring of evasion

@: hasted, very quick
A: fangs 1, strong nose, distributed training
a: Renounce Religion


You were on level 7 of the Dungeon.
You worshipped Jiyva.
Jiyva was pleased with you.
You visited 2 branches of the dungeon, and saw 9 of its levels.

You collected 1079 gold pieces.


Innate Abilities, Weirdness & Mutations

You have very sharp teeth.
Your uncanny sense of smell can sniff out nearby items.
Your experience applies equally to all skills.


   Skills:
 + Level 4.7 Fighting
 + Level 3.9 Short Blades
 + Level 3.9 Long Blades
 + Level 3.9 Axes
 + Level 3.9 Maces & Flails
 + Level 3.9 Polearms
 + Level 3.9 Staves
 + Level 3.9 Slings
 + Level 3.9 Bows
 + Level 3.9 Crossbows
 + Level 3.9 Throwing
 + Level 6.1 Armour
 + Level 4.7 Dodging
 + Level 4.6 Stealth
 + Level 3.9 Shields
 + Level 3.9 Unarmed Combat
 + Level 3.9 Spellcasting
 + Level 3.2 Conjurations
 + Level 3.2 Hexes
 + Level 3.2 Summonings
 + Level 3.2 Necromancy
 + Level 3.2 Translocations
 + Level 3.2 Transmutations
 + Level 3.2 Fire Magic
 + Level 3.2 Ice Magic
 + Level 3.2 Air Magic
 + Level 3.2 Earth Magic
 + Level 3.2 Poison Magic
 + Level 4.3 Invocations
 + Level 7.7 Evocations


You had 11 spell levels left.
You knew the following spells:

 Your Spells              Type           Power      Damage    Failure   Level
a - Animate Dead          Necr           12%        N/A       52%         4

Your spell library contained the following spells:

 Spells                   Type           Power      Damage    Failure   Level
 Ensorcelled Hibernation  Hex/Ice        24%        N/A       9%          2
 Passwall                 Tmut/Erth      10%        N/A       9%          2
 Sublimation of Blood     Necr           12%        N/A       9%          2
 Swiftness                Air            12%        N/A       19%         3
 Petrify                  Tmut/Erth      12%        N/A       52%         4
 Irradiate                Conj/Tmut      6%         3d15      86%         5
 Haunt                    Necr/Summ      6%         N/A       100%        7
 Infestation              Necr           6%         N/A       100%        8

Inventory:

Hand Weapons
 a - a +0 club {mace}
 c - a +3 quarterstaff of chaos (weapon) {staff}
   (You took it off Crazy Yiuf on level 3 of the Dungeon)
 n - a +2 dagger of venom {short}
   (You took it off a kobold on level 4 of the Dungeon)
Missiles
 f - 102 stones (quivered) {throwing}
Armour
 b - a +0 leather armour (worn)
 h - a +0 cloak (worn)
   (You took it off Crazy Yiuf on level 3 of the Dungeon)
 q - a +0 pair of gloves (worn)
   (You found it on level 3 of the Dungeon)
Jewellery
 i - a +4 ring of evasion (right hand)
   (You found it on level 4 of the Dungeon)
 j - a +6 ring of strength
   (You found it on level 1 of the Dungeon)
 r - a +6 ring of dexterity
   (You took it off an orc on level 4 of the Dungeon)
 y - a +4 ring of protection (left hand)
   (You found it on level 5 of the Dungeon)
 A - a ring of positive energy
   (You found it on level 5 of the Dungeon)
Wands
 d - a wand of charming (14)
 e - a wand of iceblast (12)
 B - a wand of flame (11)
   (You found it on level 7 of the Dungeon)
Scrolls
 l - a scroll of amnesia
 m - a scroll of fog
 o - a scroll of teleportation {@r4}
 p - a scroll of noise {!r}
 s - 2 scrolls of summoning
 z - 2 scrolls of identify {@r1}
Potions
 g - a potion of brilliance
 t - a potion of curing {@q1}
 u - a potion of berserk rage {unknown}
 w - a potion of heal wounds {unknown}
 x - a potion of might {unknown}
 C - 2 potions of flight

Dungeon Overview and Level Annotations

Branches:
Dungeon (8/15)             Temple (1/1) D:5
   Lair: D:8-11

Altars:
Ashenzari
Cheibriados
Elyvilon
Fedhas
Gozag
Hepliaklqana
Kikubaaqudgha
Makhleb
Nemelex Xobeh
Okawaru
Qazlal
Ru
Sif Muna
Trog
Uskayaw
Vehumet
Xom
Yredelemnul
Zin
The Shining One
Jiyva

Shops:
D:6

=
####......##............######...
#..##.##..............## #....
#.................#....###.#..
##..............#..###.###.....
##...##..............##.####.###
#....#............o.##...#...###
##.....J..............##.#...#.#.
#..............O......##.........
###.#........o..@..o..##.###.....
###....................##......
####.##............#..#.......
##....#............###.........
#.......#.#.........#..........
###....##.#.............##.....
#.......##...................
##.......##...................
###......###....................


You could see a two-headed ogre, an orc warrior (fleeing) and 2 orcs.


Message History

2 orcs come into view.
The orc warrior shouts!
The orc shouts!
A two-headed ogre comes into view. It is wielding two +0 giant clubs.
The orc closely misses you.
The orc shouts!
The two-headed ogre shouts in stereo!
You sock the orc! Lightning courses through the orc!
You kill the orc!
You hit the ice beast but do no damage.
The ice beast goes berserk!
The ice beast hits you. The ice beast freezes you! 😕 HP[-16]
You take 16 damage, and now have 50/66 hp.
MASSIVE DAMAGE!! (PAUSE)
The ice beast attacks as you move away!
The ice beast barely misses you. x2 😕 HP[+1] 😕 HP[+1]
The ice beast hits you. The ice beast freezes you!
There is a stone staircase leading up here. 😮 HP[-16]
You take 16 damage, and now have 36/66 hp.
MASSIVE DAMAGE!! (PAUSE) Unknown command.
Unknown command.
Unknown command.
The ice beast barely misses you.
You climb upwards.
There is a stone staircase leading down here. 😮 HP[+3]
You regained 3 hp, and now have 39/66 hp.
Unknown command.
Unknown command.
You sock the ice beast!
The ice beast is poisoned.
The ice beast hits you but does no damage.
The ice beast completely misses you. 😮 HP[+2]
You regained 2 hp, and now have 41/66 hp.
You hit the ice beast.
The ice beast seems to slow down.
Your bite misses the ice beast. The ice beast hits you.
The ice beast freezes you.
* * * LOW HITPOINT WARNING * * *
😨 HP[-8]
You take 8 damage, and now have 33/66 hp.
You closely miss the ice beast.
The ice beast completely misses you. 😮 HP[+1]
You sock the ice beast!
The ice beast is moving more slowly.
The ice beast is no longer moving slowly.
The ice beast closely misses you. 😮 HP[+1]
You sock the ice beast! You drain the ice beast.
The ice beast barely misses you. The ice beast hits you.
The ice beast freezes you!
* * * LOW HITPOINT WARNING * * *
😨 HP[-8]
You take 8 damage, and now have 27/66 hp.
You hit the ice beast.
The ice beast barely misses you. 😨 HP[+1]
You hit the ice beast but do no damage.
The ice beast looks even sicker.
The ice beast closely misses you. x2 😨 HP[+1]
You hit the ice beast.
You kill the ice beast! 😨 HP[+2]
You regained 2 hp, and now have 31/66 hp.
You start resting. 😎 HP[+35]
Your hp is fully restored (66).
You climb downwards.
The orc hits you with a +0 flail! The two-headed ogre barely misses you.
The two-headed ogre misses you.
The orc warrior hits you but does no damage.
The orc misses you.
There is a stone staircase leading up here. 😕 HP[-7]
You take 7 damage, and now have 59/66 hp.
Unknown command.
Unknown command.
The orc misses you. The orc warrior closely misses you.
The orc hits you but does no damage.
The two-headed ogre hits you with a +0 giant club!!
Ouch! That really hurt!
* * * LOW HITPOINT WARNING * * *
The two-headed ogre hits you with a +0 giant club!!
* * * LOW HITPOINT WARNING * * *
You climb upwards.
There is a stone staircase leading down here.
Unknown command.
Unknown command. 😱 HP[-53]
You take 53 damage, and now have 6/66 hp.
MASSIVE DAMAGE!! (PAUSE) Unknown command.
Unknown command.
As you read the scroll of fear, it crumbles to dust.
You assume a fearsome visage.
The orc looks frightened!
The two-headed ogre resists with some effort.
The orc warrior looks frightened!
The orc looks frightened! 😱 HP[+1]
Okay, then.
You feel yourself speed up.
The two-headed ogre hits you with a +0 giant club!!
You die...

Skill      XL: |  1  2  3  4  5  6  7  8 |
---------------+-------------------------+-----
Short Blades   | 1 2 3 |  3.9
Long Blades    | 1 2 3 |  3.9
Axes           | 1 2 3 |  3.9
Maces & Flails | 1 2 3 |  3.9
Polearms       | 1 2 3 |  3.9
Staves         | 1 2 3 |  3.9
Slings         | 1 2 3 |  3.9
Bows           | 1 2 3 |  3.9
Crossbows      | 1 2 3 |  3.9
Throwing       | 1 2 3 |  3.9
Shields        | 1 2 3 |  3.9
Unarmed Combat | 1 2 3 |  3.9
Spellcasting   | 1 2 3 |  3.9
Invocations    | 1 2 3 4 |  4.3
Fighting       | 3 4 |  4.7
Dodging        | 3 4 |  4.7
Conjurations   | 1 2 3 |  3.2
Hexes          | 1 2 3 |  3.2
Summonings     | 1 2 3 |  3.2
Necromancy     | 1 2 3 |  3.2
Translocations | 1 2 3 |  3.2
Transmutations | 1 2 3 |  3.2
Fire Magic     | 1 2 3 |  3.2
Ice Magic      | 1 2 3 |  3.2
Air Magic      | 1 2 3 |  3.2
Earth Magic    | 1 2 3 |  3.2
Poison Magic   | 1 2 3 |  3.2
Armour         | 5 6 |  6.1
Stealth        | 3 4 |  4.6
Evocations     | 7 |  7.7

Action                   |  1- 3 |  4- 6 |  7- 9 || total
-------------------------+-------+-------+-------++-------
Melee: Club              |   149 |    83 |       ||   232
       Bite              |    10 |    13 |    23 ||    46
       Punch             |     2 |     2 |     1 ||     5
       Quarterstaff      |       |    14 |   157 ||   171
       Dagger            |       |    13 |    32 ||    45
Throw: Stone             |       |    31 |     9 ||    40
Evoke: Wand              |     4 |    20 |       ||    24
  Use: Potion            |       |     5 |     1 ||     6
       Scroll            |       |       |     9 ||     9
 Stab: Sleeping          |     5 |     1 |     2 ||     8
       Confused          |       |       |     1 ||     1
Armor: Leather armour    |    40 |    49 |    81 ||   170
Dodge: Dodged            |   116 |   128 |   240 ||   484

Levels and vault maps discovered:
D:1:      amcnicky_arrival_single_pillar, layout_rooms,
          shapermc_ecumenical_altar_mp_vishouse
D:2:      layout_loops_ring, minmay_misc_feat_nine_boxes, minmay_misc_feat_x,
          hex_medium, uniq_jessica, uniq_sigmund
D:3:      minmay_chambers_of_threes, layout_loops_corners,
          nicolae_elyvilon_temple_path, roderic_lattice_a,
          uniq_crazy_yiuf_cottage
D:4:      layout_loops_ring, amethyst_overflow_temple_binary, uniq_natasha
D:5:      layout_loops_ring, lemuel_zombie_altar_kikubaaqudgha,
          chequers_temple_overflow_minitemple, minmay_temple_entry_oklob
D:6:      layout_basic, nicolae_ashenzari_skybound,
          minmay_shop_enchanted_jewellery
D:7:      layout_cave_pools, xom_teletrap_fun, item_on_display_a
D:8:      layout_cave_pools, nicolae_overflow_crystal_walls, serial_shops,
          nicolae_shop_crystal
Temple:   pf_slime_end_temple

Notes
Turn   | Place    | Note
-------+----------+-------------------------------------------
     0 | D:1      | spaghetti the Gnoll Artificer began the quest for the Orb.
     0 | D:1      | Reached XP level 1. HP: 17/17 MP: 1/1
     0 | D:1      | magus.rc [v1.9.6]
    31 | D:1      | You pick up a book of Death and begin reading...
    31 | D:1      | You add the spells Animate Dead, Haunt and Infestation to
                  | your library.
   162 | D:1      | You pick up a book of Burglary and begin reading...
   162 | D:1      | You add the spells Passwall, Ensorcelled Hibernation and
                  | Swiftness to your library.
   211 | D:1      | HP: 2/17 [kobold/+0 short sword (5)]
   213 | D:1      | Reached XP level 2. HP: 3/23 MP: 2/2
  1330 | D:1      | Reached XP level 3. HP: 28/28 MP: 3/3
  1355 | D:1      | Found a faded altar of an unknown god.
  1765 | D:2      | You fall into a shaft and drop 1 floor!
  1839 | D:3      | You pick up a book of Alchemy and begin reading...
  1839 | D:3      | You add the spells Sublimation of Blood, Petrify and
                  | Irradiate to your library.
  1968 | D:3      | Reached skill level 1 in Short Blades
  1968 | D:3      | Reached skill level 1 in Long Blades
  1968 | D:3      | Reached skill level 1 in Axes
  1968 | D:3      | Reached skill level 1 in Maces & Flails
  1968 | D:3      | Reached skill level 1 in Polearms
  1968 | D:3      | Reached skill level 1 in Staves
  1968 | D:3      | Reached skill level 1 in Slings
  1968 | D:3      | Reached skill level 1 in Bows
  1968 | D:3      | Reached skill level 1 in Crossbows
  1968 | D:3      | Reached skill level 1 in Throwing
  1968 | D:3      | Reached skill level 1 in Shields
  1968 | D:3      | Reached skill level 1 in Unarmed Combat
  1968 | D:3      | Reached skill level 1 in Spellcasting
  1968 | D:3      | Reached skill level 1 in Invocations
  1970 | D:3      | Reached XP level 4. HP: 26/34 MP: 5/5
  1990 | D:3      | HP: 4/34 [gnoll/+0 halberd (15)]
  2824 | D:3      | Found a runed translucent door.
  2825 | D:3      | Noticed Crazy Yiuf
  2835 | D:3      | Noticed a black bear
  2845 | D:3      | Killed a black bear
  2846 | D:3      | Reached skill level 3 in Fighting
  2846 | D:3      | Reached skill level 3 in Dodging
  2846 | D:3      | Reached skill level 1 in Conjurations
  2846 | D:3      | Reached skill level 1 in Hexes
  2846 | D:3      | Reached skill level 1 in Summonings
  2846 | D:3      | Reached skill level 1 in Necromancy
  2846 | D:3      | Reached skill level 1 in Translocations
  2846 | D:3      | Reached skill level 1 in Transmutations
  2846 | D:3      | Reached skill level 1 in Fire Magic
  2846 | D:3      | Reached skill level 1 in Ice Magic
  2846 | D:3      | Reached skill level 1 in Air Magic
  2846 | D:3      | Reached skill level 1 in Earth Magic
  2846 | D:3      | Reached skill level 1 in Poison Magic
  2846 | D:3      | Reached XP level 5. HP: 13/41 MP: 5/7
  3078 | D:3      | Found a white marble altar of Elyvilon.
  3831 | D:3      | HP: 1/41 [Crazy Yiuf/+3 quarterstaff of chaos (15)]
  3855 | D:3      | Killed Crazy Yiuf
  3856 | D:3      | Reached skill level 2 in Invocations
  3856 | D:3      | Reached XP level 6. HP: 15/47 MP: 8/8
  4165 | D:4      | Reached skill level 2 in Short Blades
  4165 | D:4      | Reached skill level 2 in Long Blades
  4165 | D:4      | Reached skill level 2 in Axes
  4165 | D:4      | Reached skill level 2 in Maces & Flails
  4165 | D:4      | Reached skill level 2 in Polearms
  4165 | D:4      | Reached skill level 2 in Staves
  4165 | D:4      | Reached skill level 2 in Slings
  4165 | D:4      | Reached skill level 2 in Bows
  4165 | D:4      | Reached skill level 2 in Crossbows
  4165 | D:4      | Reached skill level 2 in Throwing
  4165 | D:4      | Reached skill level 5 in Armour
  4165 | D:4      | Reached skill level 3 in Stealth
  4165 | D:4      | Reached skill level 2 in Shields
  4165 | D:4      | Reached skill level 2 in Unarmed Combat
  4165 | D:4      | Reached skill level 2 in Spellcasting
  4307 | D:4      | Noticed Natasha
  4337 | D:4      | Killed Natasha
  4523 | D:4      | Reached XP level 7. HP: 25/52 MP: 10/10
  4867 | D:4      | Noticed Natasha
  4884 | D:4      | Killed Natasha
  4885 | D:4      | Reached skill level 7 in Evocations
  5188 | D:4      | Found a shimmering blue altar of Sif Muna.
  5188 | D:4      | Found a basalt altar of Yredelemnul.
  5255 | D:5      | Entered Level 5 of the Dungeon
  5306 | D:5      | Reached skill level 2 in Conjurations
  5306 | D:5      | Reached skill level 2 in Hexes
  5306 | D:5      | Reached skill level 2 in Summonings
  5306 | D:5      | Reached skill level 2 in Necromancy
  5306 | D:5      | Reached skill level 2 in Translocations
  5306 | D:5      | Reached skill level 2 in Transmutations
  5306 | D:5      | Reached skill level 2 in Fire Magic
  5306 | D:5      | Reached skill level 2 in Ice Magic
  5306 | D:5      | Reached skill level 2 in Air Magic
  5306 | D:5      | Reached skill level 2 in Earth Magic
  5306 | D:5      | Reached skill level 2 in Poison Magic
  5493 | D:5      | Reached skill level 3 in Invocations
  5683 | D:5      | Found an ancient bone altar of Kikubaaqudgha.
  5774 | D:5      | Reached XP level 8. HP: 60/60 MP: 12/12
  5933 | D:5      | Found a bloodstained altar of Trog.
  5933 | D:5      | Found a glowing golden altar of the Shining One.
  5941 | D:5      | Found an iron altar of Okawaru.
  5943 | D:5      | Found a blossoming altar of Fedhas.
  5945 | D:5      | Found a radiant altar of Vehumet.
  6022 | D:5      | Reached skill level 4 in Fighting
  6022 | D:5      | Reached skill level 4 in Dodging
  6091 | D:5      | Reached skill level 3 in Short Blades
  6091 | D:5      | Reached skill level 3 in Long Blades
  6091 | D:5      | Reached skill level 3 in Axes
  6091 | D:5      | Reached skill level 3 in Maces & Flails
  6091 | D:5      | Reached skill level 3 in Polearms
  6091 | D:5      | Reached skill level 3 in Staves
  6091 | D:5      | Reached skill level 3 in Slings
  6091 | D:5      | Reached skill level 3 in Bows
  6091 | D:5      | Reached skill level 3 in Crossbows
  6091 | D:5      | Reached skill level 3 in Throwing
  6091 | D:5      | Reached skill level 3 in Shields
  6091 | D:5      | Reached skill level 3 in Unarmed Combat
  6091 | D:5      | Reached skill level 3 in Spellcasting
  6127 | D:5      | Found a staircase to the Ecumenical Temple.
  6138 | D:5      | Reached skill level 4 in Stealth
  6142 | Temple   | Entered the Ecumenical Temple
  6301 | Temple   | Became a worshipper of Jiyva Jugetub the Shapeless
  7085 | D:6      | Found a broken altar of Ashenzari.
  7111 | D:6      | Reached * piety under Jiyva
  7338 | D:6      | Learned a level 4 spell: Animate Dead
  7554 | D:6      | Found Pishraoto's Jewellery Shop.
  7714 | D:7      | Reached skill level 3 in Conjurations
  7714 | D:7      | Reached skill level 3 in Hexes
  7714 | D:7      | Reached skill level 3 in Summonings
  7714 | D:7      | Reached skill level 3 in Necromancy
  7714 | D:7      | Reached skill level 3 in Translocations
  7714 | D:7      | Reached skill level 3 in Transmutations
  7714 | D:7      | Reached skill level 3 in Fire Magic
  7714 | D:7      | Reached skill level 3 in Ice Magic
  7714 | D:7      | Reached skill level 3 in Air Magic
  7714 | D:7      | Reached skill level 3 in Earth Magic
  7714 | D:7      | Reached skill level 3 in Poison Magic
  7714 | D:7      | Reached skill level 4 in Invocations
  7744 | D:7      | Identified a scroll of acquirement
  7791 | D:7      | Acquired 875 gold pieces
  7849 | D:7      | Reached skill level 6 in Armour
  7861 | D:7      | Reached XP level 9. HP: 57/66 MP: 14/14
  7900 | D:7      | Reached ** piety under Jiyva
  7966 | D:7      | Found a shimmering altar of Xom.
  8175 | D:8      | Noticed a two-headed ogre
  8223 | D:8      | HP: 4/66 [two-headed ogre/+0 giant club (22)]
  8226 | D:7      | Mangled by a two-headed ogre

Vanquished Creatures
  An ice beast (D:7)
  5 black bears
  An ogre (D:4)
  2 phantoms
  A gnoll sergeant (D:7)
  A bullfrog (D:7)
  2 necrophages
  4 scorpions
  3 wights (D:7)
  An oklob sapling (D:5)
  A howler monkey (D:6)
  A jelly (D:5)
  An orc priest (D:4)
  Crazy Yiuf (D:3)
  2 iguanas (D:5)
  Natasha (twice) (D:4)
  3 adders
  9 gnolls
  A shadow imp (D:5)
  A white imp (D:6)
  2 ufetubi
  A worm (D:3)
  A dart slug (D:1)
  10 orcs
  2 bat zombies (D:5)
  4 endoplasms
  3 giant cockroaches
  8 goblins
  2 hobgoblins (D:3)
  10 jackals
  5 quokkas
  3 ball pythons
  3 bats
  2 frilled lizards (D:1)
  8 kobolds
  6 rats
  2 rat zombies (D:5)
115 creatures vanquished.

Vanquished Creatures (others)
  A jelly (D:6)
  An iguana (D:6)
  A white imp (D:6)
  26 plants (D:5)
29 creatures vanquished.

Grand Total: 144 creatures vanquished

Table legend:
 A = Non-vault XP
 B = Vault XP
 C = Vault XP percentage of total XP
 D = Non-vault monster count
 E = Vault monster count
 F = Vault count percentage of total count
                 A         B        C        D         E       F
            +---------+---------+-------+---------+---------+-------
      Total |    2405 |     185 |   7.1 |      96 |      19 |  16.5
            +---------+---------+-------+---------+---------+-------
        D:1 |      41 |       0 |   0.0 |      25 |       0 |   0.0
        D:2 |       3 |       0 |   0.0 |       2 |       0 |   0.0
        D:3 |     196 |      85 |  30.2 |      13 |      13 |  50.0
        D:4 |     342 |      35 |   9.3 |      20 |       1 |   4.8
        D:5 |     749 |      65 |   8.0 |      15 |       5 |  25.0
        D:6 |     258 |       0 |   0.0 |       6 |       0 |   0.0
        D:7 |     813 |       0 |   0.0 |      14 |       0 |   0.0
        D:8 |       3 |       0 |   0.0 |       1 |       0 |   0.0
            +---------+---------+-------+---------+---------+-------

Illustrated notes

Table legend:
 A = Kills in this place as a percentage of kills in entire the game.
 B = Kills by you in this place as a percentage of kills by you in the entire game.
 C = Kills by friends in this place as a percentage of kills by friends in the entire game.
 D = Other kills in this place as a percentage of other kills in the entire game.
 E = Experience gained in this place as a percentage of experience gained in the entire game.
 F = Experience gained in this place divided by the number of levels of this place that you have seen.
                   A       B       C       D       E      F
               +-------+-------+-------+-------+-------+----------------------
         Total | 100.0 | 100.0 |   N/A |   N/A | 100.0 | 287.8
       Dungeon | 100.0 | 100.0 |   N/A |   N/A | 100.0 | 323.8
               +-------+-------+-------+-------+-------+----------------------

Table legend: (Time is in decaauts)
 A = Elapsed time spent in this place.
 B = Non-inter-level travel time spent in this place.
 C = Inter-level travel time spent in this place.
 D = Time resting spent in this place.
 E = Time spent auto-exploring this place.
 F = Levels seen in this place.
 G = Mean time per level.
                   A        B        C        D        E       F      G
               +--------+--------+--------+--------+--------+-----+--------+
         Total |   8301 |   8089 |    212 |    243 |   6754 |   9 |  922.3 |
       Dungeon |   8125 |   7950 |    175 |    243 |   6627 |   8 | 1015.6 |
        Temple |    176 |    139 |     37 |      0 |    127 |   1 |  176.0 |
               +--------+--------+--------+--------+--------+-----+--------+

Top non-repeatable levels by time:
     D:3: 2400 daAuts
     D:1: 1671 daAuts
     D:4: 1110 daAuts
     D:6: 1103 daAuts
     D:5: 1102 daAuts
     D:7: 593 daAuts
  Temple: 176 daAuts
     D:2: 130 daAuts
     D:8: 12 daAuts
